 Dungeon Crawl Stone Soup version 0.19.5 (webtiles) character file.

136 HeyBub the Slasher (level 4, -2/39 HPs)
             Began as a Minotaur Monk on Apr 20, 2017.
             Killed by divine providence
             ... invoked by an orc priest
              (11 damage)
             ... on level 3 of the Dungeon.
             The game lasted 00:02:46 (2007 turns).

HeyBub the Slasher (Minotaur Monk)                  Turns: 2007, Time: 00:02:47

Health: -2/39      AC:  3    Str: 16    XL:     4   Next: 98%
Magic:  12/12      EV: 13    Int:  7    God:
Gold:   181        SH:  0    Dex: 13    Spells: 0 memorised, 3 levels left

rFire  . . .     SeeInvis .     a - +0 falchion
rCold  . . .     Gourm    .     b - +1 robe
rNeg   . . .     Faith    .     (no shield)
rPois  .         Spirit   .     (helmet restricted)
rElec  .         Reflect  .     (no cloak)
rCorr  +         Harm     .     (no gloves)
MR     .....                    (no boots)
Stlth  ++........               (no amulet)
                                m - ring of magical power
                                k - ring of resist corrosion

@: no status effects
A: retaliatory headbutt, horns 2
a: no special abilities


You were on level 3 of the Dungeon.
You were not hungry.

You visited 1 branch of the dungeon, and saw 3 of its levels.

You collected 181 gold pieces.

Inventory:

Hand Weapons
 a - a +0 falchion (weapon)
Armour
 b - a +1 robe (worn)
Jewellery
 g - an uncursed ring of positive energy {unknown}
 k - a ring of resist corrosion (left hand)
 m - a ring of magical power (right hand)
Scrolls
 d - a scroll of teleportation {unknown}
 l - a scroll of remove curse
 p - a scroll of random uselessness {unknown}
Potions
 e - a potion of might {unknown}
 h - 2 potions of agility
 i - a potion of brilliance {unknown}
 j - a potion of curing {unknown}
 n - 2 potions of berserk rage {unknown}
 q - a potion of mutation {unknown}
Comestibles
 c - 2 bread rations
 f - 6 meat rations
 o - a royal jelly
 s - 4 fruits


   Skills:
 - Level 3.6 Fighting
 + Level 6.9 Long Blades
 - Level 3.2 Dodging
 - Level 1.5 Stealth


You had 3 spell levels left.
You didn't know any spells.

Dungeon Overview and Level Annotations

Branches:
Dungeon (3/15)

Altars:
Hepliaklqana
Uskayaw


Innate Abilities, Weirdness & Mutations

You reflexively headbutt those who attack you in melee.
You have a pair of horns on your head.


Message History

An orc wizard comes into view. It is wielding a dagger.
The orc wizard shouts!
An orc priest comes into view.
The orc wizard points at you and mumbles some strange words.
The magic dart hits you! 2 orcs come into view.
An orc and an orc priest come into view.
The orc wizard gestures at you while chanting.
The magic dart hits you!
The orc shouts!
The orc shouts!
The orc priest shouts!
The orc wizard points at you and mumbles some strange words.
The magic dart hits you!
The orc priest mumbles some strange prayers to Beogh against you.
Beogh smites you!
* * * LOW HITPOINT WARNING * * *
An orc comes into view. It is wielding a hand axe.
The orc priest invokes the aid of Beogh against you.
Beogh smites you!
You die...

### #.#
################.#
.................#
################.#######
#@.o....# ######
#o#####.# #....#
#o...o..# ### #....#
#o......o ..#######....#
#o.###### ........+....+
#... .......##....#
##..# ..##.#.##....# ..#
.###.#.##....# ...


You could see an orc priest, an orc wizard and 3 orcs.

Vanquished Creatures
  An orc wizard (D:3)
  3 adders (D:2)
  An ooze (D:1)
  3 worms (D:2)
  A dart slug (D:2)
  5 leopard geckos
  7 orcs (D:3)
  3 giant cockroaches
  6 goblins
  7 hobgoblins
  A ball python (D:1)
  5 bats
  3 frilled lizards
  5 kobolds
  5 rats
56 creatures vanquished.

Notes
Turn   | Place    | Note
-------+----------+-------------------------------------------
     0 | D:1      | HeyBub the Minotaur Monk began the quest for the Orb.
     0 | D:1      | Reached XP level 1. HP: 19/19 MP: 0/0
    61 | D:1      | Reached skill level 4 in Long Blades
   165 | D:1      | Reached XP level 2. HP: 26/26 MP: 1/1
   509 | D:2      | Found a hazy altar of Hepliaklqana.
   555 | D:2      | Reached skill level 5 in Long Blades
   602 | D:2      | Reached XP level 3. HP: 28/31 MP: 2/2
  1232 | D:2      | Reached XP level 4. HP: 31/39 MP: 3/3
  1234 | D:2      | Reached skill level 6 in Long Blades
  1703 | D:3      | Noticed a hand axe
  1703 | D:3      | Found a hide-covered altar of Uskayaw.
  1704 | D:3      | Noticed a hand axe
  2007 | D:3      | Killed from afar by an orc priest

Skill      XL: |  1  2  3  4 |
---------------+-------------+-----
Long Blades    | 4 5 6 |  6.9
Fighting       | |  3.6
Dodging        | |  3.2
Stealth        | |  1.5

Action                   |  1- 3 |  4- 6 || total
-------------------------+-------+-------++-------
Melee: Falchion          |    79 |    49 ||   128
       Headbutt          |    13 |     9 ||    22
  Use: Scroll            |       |     6 ||     6
 Stab: Sleeping          |     3 |       ||     3
  Eat: Bread ration      |       |     1 ||     1
Armor: Robe              |    14 |     6 ||    20
Dodge: Dodged            |    50 |    39 ||    89
       Rpst.: Falchion   |    12 |    11 ||    23
